AoeStats
← VIT Liereyy

Arabian Desert

510517415Analyzed
1v1 RM · 1d ago on Oct 1, 2026· 59m 18s· 2 players
Game mode
Random Map
Map size
Tiny (2 player)
Population
200
Speed
Normal
Resources
Standard
Victory
Conquest
Starting age
Dark Age
Ending age
Imperial Age
RankedLock teamsTeams togetherTeam positionsShared explorationLock speedFull tech treeHidden civsTurbo modeCheats
Victory
Defeat
🇦🇹 Jurchens · Austria
2958
+13
🇳🇴 Franks · Norway
2892
-13
TAG_MbL_
6:45 Loom
9:17 Feudal Age
9:52 Double-Bit Axe
17:13 Fletching
23:36 Castle Age
22:26 Forging
22:53 Padded Archer Armor
22:54 Gold Mining
23:44 Crossbowman
24:19 Bodkin Arrow
26:04 Bow Saw
26:56 Wheelbarrow
26:39 Scale Barding Armor
27:35 Ballistics
28:51 Leather Archer Armor
27:58 Elite Skirmisher
36:09 Chain Barding Armor
37:23 Husbandry
46:38 Hand Cart
49:11 Imperial Age
47:14 Scale Mail Armor
47:46 Squires
48:41 Stone Mining
49:23 Elite Throwing Axeman
51:29 Chain Mail Armor
53:33 Plate Mail Armor
53:38 Iron Casting
53:48 Conscription
53:32 Town Watch
55:19 Chemistry
57:44 Blast Furnace
59:56 Masonry
VIT Liereyy
6:09 Loom
8:30 Feudal Age
9:01 Double-Bit Axe
12:09 Horse Collar
18:23 Scale Barding Armor
19:16 Bloodlines
23:08 Castle Age
22:17 Bloodlines
22:15 Fletching
23:10 Light Cavalry
23:46 Bodkin Arrow
24:53 Husbandry
25:36 Padded Archer Armor
26:38 Ballistics
26:28 Bow Saw
27:05 Padded Archer Armor
28:11 Leather Archer Armor
37:08 Chain Barding Armor
37:37 Wheelbarrow
38:43 Forging
40:48 Iron Casting
40:25 Heavy Plow
40:32 Gold Mining
42:32 Hand Cart
47:21 Imperial Age
45:48 Town Watch
46:19 Stone Mining
47:28 Elite Steppe Lancer
49:10 Blast Furnace
49:21 Plate Barding Armor
49:57 Guilds
50:22 Bracer
51:23 Chemistry
51:16 Heavy Cavalry Archer
52:41 Conscription
53:33 Ring Archer Armor
52:42 Hussar
55:27 Siege Engineers
56:59 Two-Man Saw
59:49 Fortified Bastions
Connection lost

Rejoining the realm…

Still unreachable

The connection could not be restored.

Session expired

The server has moved on; the page needs a fresh start.